 Dungeon Crawl Stone Soup version 0.29.0-4-gdea44cf6ec (webtiles) character file.

Game seed: 7927745704545948578

92049 qw the Severer (level 16, -1/121 HPs)
             Began as a Gargoyle Berserker on Sept 6, 2022.
             Was an Elder of Trog.
             Slain by an orc knight
             ... wielding a +2 dire flail of draining
              (16 damage)
             ... on level 2 of the Orcish Mines.
             The game lasted 00:09:44 (26253 turns).

qw the Severer (Gargoyle Berserker)                Turns: 26253, Time: 00:09:44

Health: -1/121     AC: 43    Str: 27    XL:     16   Next: 4%
Magic:  16/16      EV:  9    Int: 10    God:    Trog [****..]
Gold:   2404       SH: 17    Dex:  9    Spells: 15/15 levels left

rFire   + . .      SeeInvis .   Y - +2 war axe (venom)
rCold   . . .      Faith    .   A - +0 tower shield
rNeg    + . .      Spirit   .   o - +0 plate armour
rPois   inf        Reflect  +   f - +2 helmet
rElec   +          Harm     .   e - +2 cloak
rCorr   .          Rampage  .   t - +2 pair of gloves
Will    ++++.                   n - +2 pair of boots
Stlth   ..........              y - amulet of reflection
HPRegen 1.30/turn               g - +4 ring of evasion
MPRegen 0.15/turn               k - ring of protection from fire

@: about to teleport, strong-willed, on berserk cooldown, flying, regenerating,
slowed, very slow
A: sickness immunity, AC +12, big wings, negative energy resistance 1,
electricity resistance, torment resistance 1, petrification resistance,
strong-willed 1, robust 1
a: Renounce Religion, Berserk, Trog's Hand, Brothers in Arms


You were on level 2 of the Orcish Mines.
You worshipped Trog.
Trog was greatly pleased with you.
You visited 3 branches of the dungeon, and saw 22 of its levels.

You collected 2404 gold pieces.


Innate Abilities, Weirdness & Mutations

You are immune to sickness and miasma.
Your stone body is resilient. (AC +12)
You are immune to poison.
Your large and strong wings let you fly.
You resist negative energy. (rN+)
You are resistant to electric shocks. (rElec)
You are resistant to unholy torment.
You are immune to petrification.
You are strong-willed. (Will+)
You are robust. (+10% HP)


   Skills:
 - Level 15.9 Fighting
 - Level 16.0 Axes
 - Level 9.0 Throwing
 - Level 15.0 Armour
 - Level 3.1 Dodging
 + Level 4.8 Shields


You had 15 spell levels left.
You didn't know any spells.
Your spell library was empty.

Inventory:

Hand Weapons
 b - a -2 demon whip of venom
 Y - a +2 war axe of venom (weapon)
Missiles
 q - 7 boomerangs (quivered)
 x - a javelin
Armour
 e - a +2 cloak (worn)
 f - a +2 helmet (worn)
 n - a +2 pair of boots (worn)
 o - a +0 plate armour (worn)
 s - a +1 chain mail of fire resistance
 t - a +2 pair of gloves (worn)
 w - the -2 pair of gloves of the Avant Garde God {rF+ rCorr}
   (You acquired it on level 5 of the Lair of Beasts)

   rF:        It protects you from fire.
   rCorr:     It protects you from acid and corrosion.
 A - a +0 tower shield (worn)
Jewellery
 g - a +4 ring of evasion (left hand)
 k - a ring of protection from fire (right hand)
 l - a ring of fire
 v - a ring of positive energy
 y - an amulet of reflection (around neck)
Wands
 h - a wand of digging (9)
Scrolls
 a - 5 scrolls of identify
 u - 2 scrolls of teleportation
Potions
 c - 2 potions of mutation
 d - 3 potions of haste
 i - 7 potions of heal wounds
 j - 4 potions of might
 m - 10 potions of curing
 r - a potion of resistance

Dungeon Overview and Level Annotations

Branches:
Dungeon (15/15)            Temple (0/1) D:6            Lair (5/5) D:11
 Shoals (0/4) Lair:3        Snake (0/4) Lair:3        Slime (0/5) Lair:5
    Orc (2/2) D:9             Elf (0/3) Orc:2        Vaults (0/5) D:13
 Depths (0/4) D:15

Altars:
Ashenzari
Cheibriados
Dithmenos
Elyvilon
Fedhas
Kikubaaqudgha
Okawaru
Ru
Vehumet
The Shining One
Jiyva

Shops:
D:11 !   Orc:2 :[(=

Annotations:
D:14 2 transporters, Axipewex's ghost, journeyman OgTm
Lair:1 2 runed translucent doors, qw's ghost, journeyman OgEn


Message History

The orc warrior goes into a battle-frenzy!
An orc high priest comes into view. It is wielding a +0 war axe.
The orc knight no longer looks unusually strong. x2
The orc warrior shoots a bolt.
You reflect the bolt off an invisible shield around you!
The bolt hits the orc warrior!
The orc knight roars a battlecry!
The orc knights go into a battle-frenzy!
The orc priest invokes the aid of Beogh against you.
Beogh smites you!
You barely miss the orc knight.
Your skin stops crawling.
You feel less strong-willed.
The orc high priest shouts!
The orc knight no longer looks unusually strong.
The orc knight roars a battlecry!
The orc knight goes into a battle-frenzy!
The orc high priest prays to Beogh.
The orc high priest hits you but does no damage.
The orc high priest calls upon Beogh to heal the orc knight.
The orc knight is healed somewhat.
You block the orc knight's attack.
The orc high priest hits you but does no damage.
26252 ||| INVOKING Trog's Hand.
Your skin crawls.
You feel strong-willed. You block the chaos spawn's attack.
You block the ufetubus's attack. x2
The orc knight hits you with a +2 dire flail of draining!!
The orc high priest hits you from afar with a +0 halberd!
The orc knight roars a battlecry!
The chaos spawn barely misses you.
26253 ||| READING 3 scrolls of teleportation.
As you read the scroll of teleportation, it crumbles to dust.
You feel strangely unstable.
The orc high priest no longer looks unusually strong. x2
The ufetubus hits you but does no damage.
You block the ufetubus's attack. x3
The orc high priest hits you but does no damage.
The orc knight roars a battlecry!
The orc high priests go into a battle-frenzy!
The chaos spawn gores you but does no damage.
The orc knight hits you with a +2 dire flail of draining!
You die...

##..##)....##
#..##...).).#
##.##...##)#o\#
#..##..##).# .## ##
#.##...#.... .\#
.###.##.....ooo#..#
..##.##......ooo#.#
..##.#####..{ooo#.#
.............5o4@.#
#.##.#####....53#.#
####.# .......#.#
## #.# ....o.#..#
.# #.# .#....#.\#
## #.. ##.4#..## #
##. ##4#.\ # .
....# # # ..# ..#
#..# ##


You could see 4 orc knights, 3 orc high priests, a hellwing (summoned), an ice
devil (summoned), a ynoxinul (summoned), a chaos spawn (summoned), an orc
sorcerer (strong), 2 orc warriors, an orc priest (strong) and 2 ufetubi.

Vanquished Creatures
  Jorgrun (D:14)
  Kirke (D:13)
  A fire giant (D:15)
  Louise (D:15)
  Nessos (D:14)
  A dire elephant (Lair:5)
  Azrael (D:14)
  Snorg (D:14)
  Josephine (D:9)
  3 boulder beetles
  6 hydras
  3 catoblepae
  A centaur warrior (D:13)
  2 dancing weapons (D:13)
  4 two-headed ogres
  A deep troll shaman (Lair:5)
  2 tengu warriors (D:15)
  12 death yaks
  Amaemon (Lair:3)
  An orc knight (D:15)
  4 orc sorcerers (Orc:2)
  8 ugly things
  A deep elf pyromancer (D:12)
  4 manticores
  3 cyclopes
  16 elephants
  3 black mambas
  An orange demon (Lair:3)
  A gargoyle (D:11)
  8 cane toads
  3 unseen horrors
  A freezing wraith (D:15)
  9 komodo dragons
  4 rime drakes
  5 yaktaurs (D:15)
  2 tengu conjurers (D:15)
  A queen bee (D:13)
  9 trolls
  2 polar bears (Lair:5)
  3 meliai (D:13)
  Prince Ribbit (Lair:3)
  A wind drake (Lair:3)
  4 dream sheep (Lair:5)
  11 blink frogs
  13 slime creatures
  Sigmund (D:5)
  A shadow (D:13)
  11 wraiths
  A yak (shapeshifter) (D:13)
  A wyvern (shapeshifter) (D:14)
  8 wyverns
  A fire elemental (D:14)
  4 basilisks
  65 yaks
  7 hogs (D:13)
  A steam dragon (D:8)
  A vampire mosquito (D:6)
  2 nagas (Lair:3)
  3 wargs
  10 water moccasins
  3 acid dragons
  5 ice beasts
  4 hell hounds (D:14)
  20 orc warriors
  3 black bears
  A sky beast (D:8)
  4 ogres
  7 centaurs
  16 wolves
  5 phantoms
  4 kobold brigands
  17 bullfrogs
  5 necrophages
  2 scorpions
  11 wights
  19 killer bees
  A howler monkey (D:6)
  4 jellies
  21 orc priests
  8 hounds
  Ijyb (D:2)
  33 orc wizards
  9 iguanas
  9 adders
  A shadow imp (D:5)
  A dart slug (D:2)
  62 orcs
  3 bats (D:2)
  7 endoplasms
  3 giant cockroaches
  9 goblins
  9 hobgoblins
  A quokka (D:1)
  2 ball pythons
  2 frilled lizards
  27 kobolds
  6 rats
625 creatures vanquished.

Vanquished Creatures (collateral kills)
  5 hydras
  An orc sorcerer (Orc:2)
  A warg (Orc:2)
  An orc warrior (Orc:2)
  A bullfrog (Lair:2)
  An orc priest (Orc:2)
  An orc (Orc:2)
11 creatures vanquished.

Vanquished Creatures (others)
  22 fungi
  54 plants
76 creatures vanquished.

Grand Total: 712 creatures vanquished

Notes
Turn   | Place    | Note
-------+----------+-------------------------------------------
     0 | D:1      | qw the Gargoyle Berserker began the quest for the Orb.
     0 | D:1      | Reached XP level 1. HP: 14/14 MP: 1/1
     0 | D:1      | 0 ||| qw: Version: 0.1-a-108-g9e35731
     0 | D:1      | 0 ||| qw: Game counter: 6295
     0 | D:1      | 0 ||| qw: Always use a shield: true
     0 | D:1      | 0 ||| qw: Do Orc after D:15 true
     0 | D:1      | 0 ||| qw: Do second Lair branch before Depths: true
     0 | D:1      | 0 ||| qw: Lair rune preference: random
     0 | D:1      | 0 ||| qw: Plans: Normal
     0 | D:1      | 0 ||| PLANNING D:1-11
   175 | D:1      | 175 ||| Stepping ~*~*~tactically~*~*~ (stealth).
   186 | D:1      | Reached skill level 3 in Axes
   311 | D:1      | Reached XP level 2. HP: 17/19 MP: 2/2
   634 | D:1      | Found a faded altar of an unknown god.
   641 | D:1      | 641 ||| UPGRADING to +0 ring mail.
   651 | D:1      | 651 ||| DROPPING +0 animal skin.
   652 | D:1      | 652 ||| UPGRADING to amulet of regeneration.
   657 | D:1      | 657 ||| READING scroll labelled PUNKE FAEDGHAWI.
   658 | D:1      | 658 ||| READING scroll labelled HICSOC SEKY.
   661 | D:1      | 661 ||| READING scroll labelled BINU WEKKIELEDET.
   741 | D:2      | 741 ||| SWAPPING to +0 war axe.
   748 | D:2      | 748 ||| DROPPING +0 hand axe.
   781 | D:2      | 781 ||| Stepping ~*~*~tactically~*~*~ (hiding).
   807 | D:2      | 807 ||| DROPPING +0 club.
   865 | D:2      | 865 ||| DROPPING +0 whip.
  1029 | D:2      | 1029 ||| Stepping ~*~*~tactically~*~*~ (stealth).
  1036 | D:2      | Reached XP level 3. HP: 19/23 MP: 3/3
  1063 | D:2      | 1063 ||| Stepping ~*~*~tactically~*~*~ (stealth).
  1070 | D:2      | Reached ** piety under Trog
  1073 | D:2      | Noticed Ijyb
  1074 | D:2      | 1074 ||| Stepping ~*~*~tactically~*~*~ (stealth).
  1077 | D:2      | Reached skill level 4 in Axes
  1080 | D:2      | 1080 ||| Stepping ~*~*~tactically~*~*~ (stealth).
  1084 | D:2      | 1084 ||| Stepping ~*~*~tactically~*~*~ (stealth).
  1086 | D:2      | 1086 ||| Stepping ~*~*~tactically~*~*~ (hiding).
  1092 | D:2      | 1092 ||| INVOKING Berserk.
  1099 | D:2      | Killed Ijyb
  1100 | D:2      | Reached XP level 4. HP: 28/28 MP: 4/4
  1747 | D:2      | 1747 ||| UPGRADING to +1 helmet.
  1752 | D:2      | 1752 ||| READING scroll labelled MUBADO DOG QUT.
  1753 | D:2      | 1753 ||| READING scroll labelled BITROE IGUGYDGH.
  1754 | D:2      | 1754 ||| READING scroll labelled UWULAZXEFICH.
  1828 | D:3      | 1828 ||| Stepping ~*~*~tactically~*~*~ (hiding).
  1966 | D:3      | Found a shadowy altar of Dithmenos.
  2299 | D:3      | Found a white marble altar of Elyvilon.
  2307 | D:3      | Found a broken altar of Ashenzari.
  2310 | D:3      | Found a radiant altar of Vehumet.
  2329 | D:3      | Found an iron altar of Okawaru.
  2332 | D:3      | Found a snail-covered altar of Cheibriados.
  2558 | D:3      | 2558 ||| READING scroll labelled LUPNAFF SORATH.
  2576 | D:4      | Noticed a phantom
  2592 | D:4      | Killed a phantom
  2593 | D:4      | Reached skill level 5 in Axes
  2593 | D:4      | Reached XP level 5. HP: 23/32 MP: 5/5
  2603 | D:4      | 2603 ||| INVOKING Berserk.
  2609 | D:4      | Reached XP level 6. HP: 32/38 MP: 6/6
  2655 | D:4      | 2655 ||| DROPPING +1 whip of electrocution.
  2728 | D:4      | Found an ancient bone altar of Kikubaaqudgha.
  2874 | D:4      | Reached skill level 6 in Axes
  2883 | D:4      | 2883 ||| INVOKING Berserk.
  2888 | D:4      | Reached XP level 7. HP: 43/43 MP: 7/7
  2909 | D:4      | 2909 ||| FLEEEEING.
  2910 | D:4      | 2910 ||| FLEEEEING.
  2911 | D:4      | 2911 ||| FLEEEEING.
  2915 | D:4      | 2915 ||| FLEEEEING.
  2916 | D:4      | 2916 ||| STAIRDANCE
  3018 | D:3      | 3018 ||| DRINKING 2 coppery potions.
  3024 | D:4      | Reached skill level 7 in Axes
  3132 | D:4      | 3132 ||| READING scroll of enchant weapon.
  3132 | D:4      | 3132 ||| ENCHANTING +1 war axe.
  3167 | D:4      | 3167 ||| Stepping ~*~*~tactically~*~*~ (stealth).
  3475 | D:4      | 3475 ||| READING scroll labelled XULLON YWNAPLANAPH.
  3479 | D:4      | 3479 ||| DRINKING 2 glowing orange potions.
  3480 | D:4      | 3480 ||| DRINKING 2 amethyst potions.
  3481 | D:4      | 3481 ||| DROPPING potion of attraction.
  3523 | D:5      | Entered Level 5 of the Dungeon
  3576 | D:5      | Found a glowing golden altar of the Shining One.
  3576 | D:5      | Noticed Sigmund
  3580 | D:5      | 3580 ||| Stepping ~*~*~tactically~*~*~ (stealth).
  3581 | D:5      | 3581 ||| Stepping ~*~*~tactically~*~*~ (stealth).
  3582 | D:5      | 3582 ||| Stepping ~*~*~tactically~*~*~ (stealth).
  3712 | D:5      | Found a sacrificial altar of Ru.
  3716 | D:5      | Reached XP level 8. HP: 50/50 MP: 8/8
  3728 | D:5      | Reached *** piety under Trog
  3784 | D:5      | 3784 ||| Stepping ~*~*~tactically~*~*~ (stealth).
  3795 | D:5      | Reached skill level 8 in Axes
  3859 | D:5      | Reached skill level 6 in Fighting
  3968 | D:5      | 3968 ||| Stepping ~*~*~tactically~*~*~ (hiding).
  3971 | D:5      | 3971 ||| INVOKING Berserk.
  3976 | D:5      | Killed Sigmund
  4277 | D:5      | 4277 ||| UPGRADING to +0 pair of gloves.
  4282 | D:5      | 4282 ||| UPGRADING to +1 pair of boots.
  4287 | D:5      | 4287 ||| DRINKING 3 yellow potions.
  4288 | D:5      | 4288 ||| READING 2 scrolls of identify.
  4288 | D:5      | 4288 ||| IDENTIFYING bubbling puce potion
  4289 | D:5      | 4289 ||| DROPPING potion of flight.
  4319 | D:6      | Reached skill level 3 in Armour
  4401 | D:6      | Found a staircase to the Ecumenical Temple.
  4530 | D:6      | Reached XP level 9. HP: 55/55 MP: 9/9
  4702 | D:6      | 4702 ||| INVOKING Berserk.
  4705 | D:6      | Reached skill level 9 in Axes
  4858 | D:6      | Identified the +5 rapier "Orb Guardian's Foe" {distort, rF+
                  | rCorr}
  4915 | D:6      | 4915 ||| Stepping ~*~*~tactically~*~*~ (hiding).
  4935 | D:6      | 4935 ||| Stepping ~*~*~tactically~*~*~ (stealth).
  4937 | D:6      | 4937 ||| Stepping ~*~*~tactically~*~*~ (hiding).
  4943 | D:6      | 4943 ||| Stepping ~*~*~tactically~*~*~ (stealth).
  4994 | D:6      | 4994 ||| Stepping ~*~*~tactically~*~*~ (stealth).
  5000 | D:6      | 5000 ||| Stepping ~*~*~tactically~*~*~ (stealth).
  5079 | D:6      | 5079 ||| Stepping ~*~*~tactically~*~*~ (stealth).
  5087 | D:6      | Reached **** piety under Trog
  5098 | D:6      | Reached skill level 10 in Axes
  5188 | D:6      | 5188 ||| INVOKING Berserk.
  5208 | D:6      | 5208 ||| Stepping ~*~*~tactically~*~*~ (stealth).
  5342 | D:6      | 5342 ||| Stepping ~*~*~tactically~*~*~ (hiding).
  5348 | D:6      | 5348 ||| INVOKING Berserk.
  5564 | D:6      | 5564 ||| UPGRADING to +0 plate armour.
  5574 | D:6      | 5574 ||| DROPPING +0 ring mail.
  5575 | D:6      | 5575 ||| DROPPING +0 scale mail.
  5576 | D:6      | 5576 ||| UPGRADING to +2 pair of gloves.
  5586 | D:6      | 5586 ||| DROPPING +0 pair of gloves.
  5587 | D:6      | 5587 ||| READING scroll labelled LEMEHI TEHESAE.
  5688 | D:6      | 5688 ||| READING scroll labelled ELIPSE ICSI.
  5689 | D:6      | 5689 ||| DRINKING 2 viscous silvery potions.
  5690 | D:6      | 5690 ||| READING 2 scrolls of identify.
  5690 | D:6      | 5690 ||| IDENTIFYING pink potion
  5691 | D:6      | 5691 ||| DROPPING potion of magic.
  5692 | D:6      | 5692 ||| DROPPING potion of brilliance.
  6208 | D:7      | Found a blossoming altar of Fedhas.
  6288 | D:7      | 6288 ||| UPGRADING to +0 cloak.
  6521 | D:8      | 6521 ||| Stepping ~*~*~tactically~*~*~ (hiding).
  6743 | D:8      | Reached XP level 10. HP: 52/64 MP: 10/10
  6745 | D:8      | Reached skill level 6 in Armour
  6759 | D:8      | Reached skill level 3 in Throwing
  6759 | D:8      | 6759 ||| INVOKING Berserk.
  6907 | D:8      | 6907 ||| FLEEEEING.
  6908 | D:8      | 6908 ||| FLEEEEING.
  6909 | D:8      | 6909 ||| FLEEEEING.
  6910 | D:8      | 6910 ||| FLEEEEING.
  6917 | D:8      | 6917 ||| INVOKING Berserk.
  7039 | D:8      | 7039 ||| Stepping ~*~*~tactically~*~*~ (stealth).
  7041 | D:8      | 7041 ||| Stepping ~*~*~tactically~*~*~ (stealth).
  7044 | D:8      | 7044 ||| INVOKING Berserk.
  7151 | D:8      | Noticed a two-headed ogre
  7152 | D:8      | 7152 ||| Stepping ~*~*~tactically~*~*~ (stealth).
  7157 | D:8      | 7157 ||| INVOKING Berserk.
  7162 | D:8      | Killed a two-headed ogre
  7237 | D:8      | Reached skill level 11 in Axes
  7251 | D:8      | 7251 ||| Stepping ~*~*~tactically~*~*~ (stealth).
  7266 | D:8      | 7266 ||| Stepping ~*~*~tactically~*~*~ (stealth).
  7268 | D:8      | Noticed a manticore
  7269 | D:8      | 7269 ||| INVOKING Berserk.
  7278 | D:8      | Killed a manticore
  7279 | D:8      | Reached skill level 9 in Fighting
  7309 | D:8      | 7309 ||| Stepping ~*~*~tactically~*~*~ (stealth).
  7317 | D:8      | 7317 ||| Stepping ~*~*~tactically~*~*~ (stealth).
  7318 | D:8      | 7318 ||| Stepping ~*~*~tactically~*~*~ (stealth).
  7326 | D:8      | 7326 ||| Stepping ~*~*~tactically~*~*~ (stealth).
  7327 | D:8      | 7327 ||| Stepping ~*~*~tactically~*~*~ (stealth).
  7330 | D:8      | 7330 ||| INVOKING Berserk.
  7333 | D:8      | Reached XP level 11. HP: 71/71 MP: 11/11
  7350 | D:8      | 7350 ||| Stepping ~*~*~tactically~*~*~ (stealth).
  7421 | D:8      | 7421 ||| Stepping ~*~*~tactically~*~*~ (stealth).
  7422 | D:8      | 7422 ||| Stepping ~*~*~tactically~*~*~ (stealth).
  7423 | D:8      | 7423 ||| DROPPING +0 flail.
  7443 | D:8      | Reached skill level 9 in Armour
  7645 | D:8      | 7645 ||| Stepping ~*~*~tactically~*~*~ (stealth).
  7647 | D:8      | 7647 ||| Stepping ~*~*~tactically~*~*~ (stealth).
  7650 | D:8      | 7650 ||| Stepping ~*~*~tactically~*~*~ (hiding).
  7652 | D:8      | 7652 ||| Stepping ~*~*~tactically~*~*~ (hiding).
  7914 | D:8      | Identified the +1 robe of Narcissism {rElec Int+2 Dex-3}
  7917 | D:8      | Identified the +2 scale mail "Nodd" {Harm rElec Int+4
                  | Dex+5}
  7974 | D:8      | 7974 ||| READING scroll labelled LEYNONUAPP.
  8003 | D:9      | 8003 ||| STAIRDANCE
  8009 | D:9      | 8009 ||| STAIRDANCE
  8011 | D:8      | 8011 ||| INVOKING Berserk.
  8285 | D:9      | Noticed a two-headed ogre
  8286 | D:9      | 8286 ||| Stepping ~*~*~tactically~*~*~ (stealth).
  8290 | D:9      | 8290 ||| INVOKING Berserk.
  8297 | D:9      | Killed a two-headed ogre
  8306 | D:9      | Reached skill level 12 in Axes
  8420 | D:9      | 8420 ||| Stepping ~*~*~tactically~*~*~ (stealth).
  8424 | D:9      | 8424 ||| Stepping ~*~*~tactically~*~*~ (hiding).
  8431 | D:9      | 8431 ||| FLEEEEING.
  8432 | D:9      | 8432 ||| FLEEEEING.
  8436 | D:9      | 8436 ||| FLEEEEING.
  8437 | D:9      | 8437 ||| FLEEEEING.
  8438 | D:9      | 8438 ||| FLEEEEING.
  8439 | D:9      | 8439 ||| FLEEEEING.
  8443 | D:9      | 8443 ||| FLEEEEING.
  8444 | D:9      | 8444 ||| FLEEEEING.
  8445 | D:9      | 8445 ||| FLEEEEING.
  8475 | D:9      | 8475 ||| INVOKING Berserk.
  8478 | D:9      | Found a staircase to the Orcish Mines.
  8611 | D:9      | 8611 ||| INVOKING Berserk.
  8748 | D:9      | You fall into a shaft and drop 2 floors!
  8787 | D:11     | 8787 ||| Stepping ~*~*~tactically~*~*~ (stealth).
  8791 | D:11     | 8791 ||| Stepping ~*~*~tactically~*~*~ (stealth).
  8823 | D:11     | 8823 ||| INVOKING Berserk.
  8936 | D:11     | Found a staircase to the Lair.
  9006 | D:11     | Noticed a two-headed ogre
  9010 | D:11     | 9010 ||| INVOKING Berserk.
  9017 | D:11     | Killed a two-headed ogre
  9145 | D:11     | Noticed a boulder beetle
  9150 | D:11     | 9150 ||| INVOKING Berserk.
  9175 | D:11     | HP: 15/72 [boulder beetle (11)]
  9176 | D:11     | 9176 ||| READING 2 scrolls of teleportation.
  9177 | D:11     | 9177 ||| DRINKING 6 potions of heal wounds.
  9306 | D:11     | 9306 ||| INVOKING Berserk.
  9316 | D:11     | Killed a boulder beetle
  9319 | D:11     | HP: 18/72 [gargoyle/+0 mace (10)]
  9320 | D:11     | 9320 ||| READING scroll of teleportation.
  9396 | D:11     | Noticed a tengu reaver
  9418 | D:11     | Found Diecaumi's Distillery.
  9472 | D:11     | 9472 ||| UPGRADING to +4 ring of evasion.
  9473 | D:11     | 9473 ||| READING scroll labelled EPHIJA EHEAMIO.
  9474 | D:11     | 9474 ||| READING 2 scrolls of identify.
  9474 | D:11     | 9474 ||| IDENTIFYING smoky orange potion
  9475 | D:11     | 9475 ||| DROPPING potion of lignification.
  9484 | D:10     | Entered Level 10 of the Dungeon
  9486 | D:10     | 9486 ||| INVOKING Berserk.
  9499 | D:10     | 9499 ||| DRINKING 3 potions of curing.
  9499 | D:10     | 9499 ||| (to cure confusion)
  9502 | D:10     | 9502 ||| DRINKING 2 potions of curing.
  9502 | D:10     | 9502 ||| (to cure confusion)
  9510 | D:10     | 9510 ||| DRINKING potion of curing.
  9510 | D:10     | 9510 ||| (to cure confusion)
  9627 | D:10     | 9627 ||| SWAPPING to +2 war axe of venom.
  9628 | D:10     | 9628 ||| DROPPING +2 war axe.
  9775 | D:10     | 9775 ||| Stepping ~*~*~tactically~*~*~ (hiding).
  9785 | D:10     | 9785 ||| Stepping ~*~*~tactically~*~*~ (hiding).
  9801 | D:10     | Noticed a cyclops
  9802 | D:10     | 9802 ||| Stepping ~*~*~tactically~*~*~ (hiding).
  9804 | D:10     | 9804 ||| Stepping ~*~*~tactically~*~*~ (hiding).
  9808 | D:10     | 9808 ||| Stepping ~*~*~tactically~*~*~ (hiding).
  9809 | D:10     | 9809 ||| INVOKING Berserk.
  9815 | D:10     | Killed a cyclops
 10053 | D:10     | 10053 ||| DROPPING +2 chain mail of positive energy.
 10054 | D:10     | 10054 ||| READING scroll labelled DAES ISOHYKU.
 10059 | D:10     | 10059 ||| Stepping ~*~*~tactically~*~*~ (stealth).
 10081 | D:10     | 10081 ||| Stepping ~*~*~tactically~*~*~ (hiding).
 10087 | D:10     | 10087 ||| STAIRDANCE
 10144 | D:9      | 10144 ||| Stepping ~*~*~tactically~*~*~ (stealth).
 10151 | D:9      | Reached XP level 12. HP: 77/77 MP: 12/12
 10332 | D:9      | 10332 ||| PLANNING LAIR
 10332 | D:9      | 10332 ||| READING scroll labelled WUTHRI ZEWIA.
 10333 | D:9      | 10333 ||| READING 2 scrolls of identify.
 10333 | D:9      | 10333 ||| IDENTIFYING smoky puce potion
 10334 | D:9      | 10334 ||| DROPPING potion of degeneration.
 10358 | D:10     | 10358 ||| STAIRDANCE
 10362 | D:10     | Noticed Josephine
 10363 | D:10     | 10363 ||| STAIRDANCE
 10385 | D:10     | 10385 ||| STAIRDANCE
 10392 | D:9      | Killed Josephine
 10393 | D:9      | Reached skill level 13 in Axes
 10405 | D:10     | 10405 ||| STAIRDANCE
 10498 | Lair:1   | Entered Level 1 of the Lair of Beasts
 10668 | Lair:1   | 10668 ||| INVOKING Berserk.
 10979 | Lair:1   | Found a large runed translucent door.
 10979 | Lair:1   | Found a large runed translucent door.
 10979 | Lair:1   | Noticed qw's ghost (journeyman OgEn)
 11041 | Lair:1   | 11041 ||| INVOKING Berserk.
 11321 | Lair:1   | 11321 ||| Stepping ~*~*~tactically~*~*~ (stealth).
 11323 | Lair:1   | 11323 ||| Stepping ~*~*~tactically~*~*~ (stealth).
 11530 | Lair:1   | 11530 ||| READING scroll labelled BEDUCS LUTURPHEI.
 11531 | Lair:1   | 11531 ||| DRINKING 2 clear potions.
 11531 | Lair:1   | Gained mutation: You are robust. (+10% HP) [potion of
                  | mutation]
 11531 | Lair:1   | Gained mutation: You are strong-willed. (Will+) [potion of
                  | mutation]
 11548 | Lair:2   | 11548 ||| STAIRDANCE
 11578 | Lair:2   | 11578 ||| INVOKING Berserk.
 11585 | Lair:2   | 11585 ||| STAIRDANCE
 11781 | Lair:2   | Identified the +8 whip of Baatunia {speed, rPois Str+2}
 11864 | Lair:2   | 11864 ||| Stepping ~*~*~tactically~*~*~ (hiding).
 11866 | Lair:2   | 11866 ||| Stepping ~*~*~tactically~*~*~ (hiding).
 12024 | Lair:2   | 12024 ||| READING scroll of enchant armour.
 12024 | Lair:2   | 12024 ||| ENCHANTING +1 helmet.
 12050 | Lair:2   | Noticed a five-headed hydra
 12051 | Lair:2   | 12051 ||| INVOKING Brothers in Arms.
 12052 | Lair:2   | 12052 ||| INVOKING Brothers in Arms.
 12054 | Lair:2   | 12054 ||| SWAPPING to +0 morningstar.
 12056 | Lair:2   | 12056 ||| INVOKING Berserk.
 12066 | Lair:2   | Killed a five-headed hydra
 12073 | Lair:2   | 12073 ||| SWAPPING to +2 war axe of venom.
 12432 | Lair:2   | Noticed a death yak
 12432 | Lair:2   | Noticed a death yak
 12432 | Lair:2   | Noticed a death yak
 12433 | Lair:2   | Noticed a death yak
 12434 | Lair:2   | Noticed a death yak
 12435 | Lair:2   | Noticed a death yak
 12436 | Lair:2   | 12436 ||| INVOKING Berserk.
 12440 | Lair:2   | Killed a death yak
 12441 | Lair:2   | Reached skill level 14 in Axes
 12447 | Lair:2   | Killed a death yak
 12450 | Lair:2   | Killed a death yak
 12461 | Lair:2   | Killed a death yak
 12462 | Lair:2   | Killed a death yak
 12464 | Lair:2   | Killed a death yak
 12765 | Lair:2   | 12765 ||| READING 2 scrolls of identify.
 12765 | Lair:2   | 12765 ||| IDENTIFYING metallic amethyst potion
 12796 | Lair:3   | 12796 ||| STAIRDANCE
 12796 | Lair:3   | Noticed Amaemon
 12819 | Lair:3   | 12819 ||| INVOKING Berserk.
 12823 | Lair:3   | HP: 33/132 [cane toad (9)]
 12824 | Lair:3   | Reached XP level 13. HP: 35/92 MP: 13/13
 12833 | Lair:3   | Killed Amaemon
 12835 | Lair:3   | Reached skill level 15 in Axes
 12892 | Lair:3   | 12892 ||| DROPPING +0 morningstar.
 12920 | Lair:3   | 12920 ||| INVOKING Brothers in Arms.
 12922 | Lair:3   | 12922 ||| SWAPPING to -2 demon whip of venom.
 12924 | Lair:3   | 12924 ||| INVOKING Berserk.
 12935 | Lair:3   | 12935 ||| SWAPPING to +2 war axe of venom.
 13205 | Lair:3   | 13205 ||| Stepping ~*~*~tactically~*~*~ (stealth).
 13212 | Lair:3   | Found a staircase to the Shoals.
 13213 | Lair:3   | 13213 ||| INVOKING Berserk.
 13244 | Lair:3   | 13244 ||| Stepping ~*~*~tactically~*~*~ (stealth).
 13263 | Lair:3   | 13263 ||| Stepping ~*~*~tactically~*~*~ (hiding).
 13323 | Lair:3   | 13323 ||| Stepping ~*~*~tactically~*~*~ (stealth).
 13324 | Lair:3   | 13324 ||| Stepping ~*~*~tactically~*~*~ (stealth).
 13324 | Lair:3   | Noticed Prince Ribbit
 13326 | Lair:3   | 13326 ||| INVOKING Berserk.
 13332 | Lair:3   | Killed Prince Ribbit
 13343 | Lair:3   | Reached skill level 12 in Fighting
 13476 | Lair:3   | Found a staircase to the Snake Pit.
 13477 | Lair:3   | 13477 ||| Stepping ~*~*~tactically~*~*~ (hiding).
 13484 | Lair:3   | 13484 ||| Stepping ~*~*~tactically~*~*~ (water).
 13664 | Lair:3   | 13664 ||| Stepping ~*~*~tactically~*~*~ (hiding).
 13860 | Lair:3   | 13860 ||| Stepping ~*~*~tactically~*~*~ (stealth).
 13885 | Lair:3   | 13885 ||| FLEEEEING.
 14121 | Lair:3   | 14121 ||| DROPPING +2 pair of gloves.
 14122 | Lair:3   | 14122 ||| UPGRADING to amulet of reflection.
 14132 | Lair:3   | 14132 ||| DROPPING amulet of regeneration.
 14209 | Lair:4   | 14209 ||| INVOKING Brothers in Arms.
 14210 | Lair:4   | 14210 ||| INVOKING Brothers in Arms.
 14212 | Lair:4   | 14212 ||| SWAPPING to -2 demon whip of venom.
 14213 | Lair:4   | 14213 ||| INVOKING Berserk.
 14218 | Lair:4   | Reached skill level 12 in Armour
 14221 | Lair:4   | 14221 ||| SWAPPING to +2 war axe of venom.
 14340 | Lair:4   | 14340 ||| INVOKING Berserk.
 14614 | Lair:4   | 14614 ||| INVOKING Berserk.
 14747 | Lair:4   | 14747 ||| INVOKING Brothers in Arms.
 14749 | Lair:4   | 14749 ||| SWAPPING to -2 demon whip of venom.
 14750 | Lair:4   | 14750 ||| INVOKING Berserk.
 14762 | Lair:4   | 14762 ||| SWAPPING to +2 war axe of venom.
 15309 | Lair:4   | 15309 ||| Stepping ~*~*~tactically~*~*~ (hiding).
 15342 | Lair:4   | Reached skill level 6 in Throwing
 15600 | Lair:4   | 15600 ||| UPGRADING to ring of protection from fire.
 15601 | Lair:4   | 15601 ||| READING 2 scrolls of identify.
 15601 | Lair:4   | 15601 ||| IDENTIFYING inky potion
 15602 | Lair:4   | 15602 ||| DROPPING potion of berserk rage.
 15776 | Lair:3   | 15776 ||| Stepping ~*~*~tactically~*~*~ (stealth).
 15782 | Lair:3   | 15782 ||| INVOKING Berserk.
 15973 | Lair:5   | Entered Level 5 of the Lair of Beasts
 16005 | Lair:5   | 16005 ||| INVOKING Berserk.
 16138 | Lair:5   | Identified the +0 helmet "Rydymm" {Harm Str-2 Slay+3}
 16158 | Lair:5   | 16158 ||| Stepping ~*~*~tactically~*~*~ (stealth).
 16161 | Lair:5   | 16161 ||| Stepping ~*~*~tactically~*~*~ (stealth).
 16162 | Lair:5   | 16162 ||| Stepping ~*~*~tactically~*~*~ (stealth).
 16164 | Lair:5   | 16164 ||| Stepping ~*~*~tactically~*~*~ (stealth).
 16171 | Lair:5   | 16171 ||| Stepping ~*~*~tactically~*~*~ (stealth).
 16176 | Lair:5   | 16176 ||| SWAPPING to -2 demon whip of venom.
 16178 | Lair:5   | 16178 ||| INVOKING Berserk.
 16326 | Lair:5   | 16326 ||| SWAPPING to +2 war axe of venom.
 16332 | Lair:5   | 16332 ||| INVOKING Brothers in Arms.
 16333 | Lair:5   | 16333 ||| INVOKING Brothers in Arms.
 16334 | Lair:5   | 16334 ||| INVOKING Brothers in Arms.
 16335 | Lair:5   | 16335 ||| INVOKING Brothers in Arms.
 16336 | Lair:5   | 16336 ||| SWAPPING to -2 demon whip of venom.
 16338 | Lair:5   | 16338 ||| INVOKING Berserk.
 16343 | Lair:5   | Gained mutation: Your large and strong wings let you fly.
                  | [Gargoyle growth]
 16343 | Lair:5   | Reached XP level 14. HP: 101/101 MP: 14/14
 16363 | Lair:5   | 16363 ||| SWAPPING to +2 war axe of venom.
 16498 | Lair:5   | 16498 ||| Stepping ~*~*~tactically~*~*~ (stealth).
 16504 | Lair:5   | 16504 ||| Stepping ~*~*~tactically~*~*~ (stealth).
 16505 | Lair:5   | 16505 ||| Stepping ~*~*~tactically~*~*~ (stealth).
 16506 | Lair:5   | 16506 ||| Stepping ~*~*~tactically~*~*~ (stealth).
 16513 | Lair:5   | Reached skill level 16 in Axes
 16526 | Lair:5   | 16526 ||| INVOKING Berserk.
 16782 | Lair:5   | 16782 ||| Stepping ~*~*~tactically~*~*~ (stealth).
 16784 | Lair:5   | 16784 ||| Stepping ~*~*~tactically~*~*~ (stealth).
 16786 | Lair:5   | 16786 ||| Stepping ~*~*~tactically~*~*~ (stealth).
 16818 | Lair:5   | Reached skill level 3 in Dodging
 17008 | Lair:5   | 17008 ||| Stepping ~*~*~tactically~*~*~ (stealth).
 17077 | Lair:5   | Identified the +7 rapier "Kuhifror" {drain, Str+4 Dex+5}
 17140 | Lair:5   | 17140 ||| SWAPPING to -2 demon whip of venom.
 17142 | Lair:5   | 17142 ||| INVOKING Berserk.
 17179 | Lair:5   | 17179 ||| SWAPPING to +2 war axe of venom.
 17491 | Lair:5   | 17491 ||| INVOKING Brothers in Arms.
 17493 | Lair:5   | 17493 ||| SWAPPING to -2 demon whip of venom.
 17495 | Lair:5   | 17495 ||| INVOKING Berserk.
 17510 | Lair:5   | 17510 ||| SWAPPING to +2 war axe of venom.
 17616 | Lair:5   | Found a viscous altar of Jiyva.
 17616 | Lair:5   | Found a staircase to the Slime Pits.
 17932 | Lair:5   | 17932 ||| Stepping ~*~*~tactically~*~*~ (stealth).
 17960 | Lair:5   | 17960 ||| INVOKING Berserk.
 18235 | Lair:5   | 18235 ||| Stepping ~*~*~tactically~*~*~ (stealth).
 18236 | Lair:5   | 18236 ||| Stepping ~*~*~tactically~*~*~ (stealth).
 18241 | Lair:5   | 18241 ||| INVOKING Berserk.
 18249 | Lair:5   | Noticed a dire elephant
 18250 | Lair:5   | 18250 ||| Stepping ~*~*~tactically~*~*~ (stealth).
 18361 | Lair:5   | 18361 ||| INVOKING Berserk.
 18372 | Lair:5   | Killed a dire elephant
 18559 | Lair:5   | 18559 ||| INVOKING Berserk.
 18724 | Lair:5   | 18724 ||| PLANNING D:1-11
 18724 | Lair:5   | 18724 ||| DROPPING +0 helmet "Rydymm" {Harm Str-2 Slay+3}.
 18725 | Lair:5   | 18725 ||| DROPPING +6 ring of intelligence.
 18726 | Lair:5   | 18726 ||| READING scroll labelled AJAED MAZUVUAP.
 18726 | Lair:5   | Identified a scroll of acquirement
 18726 | Lair:5   | 18726 ||| ACQUIRING -2 pair of gloves of the Avant Garde
                  | God {rF+ rCorr}
 18726 | Lair:5   | Acquired the -2 pair of gloves of the Avant Garde God {rF+
                  | rCorr}
 18964 | D:10     | 18964 ||| Stepping ~*~*~tactically~*~*~ (stealth).
 18975 | D:10     | 18975 ||| Stepping ~*~*~tactically~*~*~ (stealth).
 18995 | D:10     | 18995 ||| Stepping ~*~*~tactically~*~*~ (stealth).
 18996 | D:10     | 18996 ||| Stepping ~*~*~tactically~*~*~ (stealth).
 18998 | D:10     | 18998 ||| Stepping ~*~*~tactically~*~*~ (stealth).
 19028 | D:10     | 19028 ||| Stepping ~*~*~tactically~*~*~ (hiding).
 19508 | D:11     | 19508 ||| PLANNING D
 19595 | D:12     | 19595 ||| Stepping ~*~*~tactically~*~*~ (stealth).
 19603 | D:12     | 19603 ||| INVOKING Berserk.
 19736 | D:12     | 19736 ||| Stepping ~*~*~tactically~*~*~ (hiding).
 19737 | D:12     | 19737 ||| Stepping ~*~*~tactically~*~*~ (hiding).
 19987 | D:12     | 19987 ||| Stepping ~*~*~tactically~*~*~ (hiding).
 20111 | D:12     | 20111 ||| READING 3 scrolls of enchant armour.
 20111 | D:12     | 20111 ||| ENCHANTING +1 pair of boots.
 20112 | D:12     | 20112 ||| READING 2 scrolls of enchant armour.
 20112 | D:12     | 20112 ||| ENCHANTING +0 cloak.
 20113 | D:12     | 20113 ||| READING scroll of enchant armour.
 20113 | D:12     | 20113 ||| ENCHANTING +1 cloak.
 20266 | D:12     | 20266 ||| Stepping ~*~*~tactically~*~*~ (stealth).
 20441 | D:12     | Reached XP level 15. HP: 110/110 MP: 15/15
 20531 | D:12     | 20531 ||| SWAPPING to -2 demon whip of venom.
 20532 | D:12     | 20532 ||| INVOKING Berserk.
 20540 | D:12     | 20540 ||| SWAPPING to +2 war axe of venom.
 20785 | D:13     | Noticed Kirke
 20786 | D:13     | 20786 ||| INVOKING Trog's Hand.
 20794 | D:13     | 20794 ||| INVOKING Berserk.
 20805 | D:13     | Killed Kirke
 20819 | D:13     | 20819 ||| FLEEEEING.
 20820 | D:13     | 20820 ||| FLEEEEING.
 20821 | D:13     | 20821 ||| STAIRDANCE
 20930 | D:13     | 20930 ||| STAIRDANCE
 21031 | D:13     | 21031 ||| Stepping ~*~*~tactically~*~*~ (stealth).
 21032 | D:13     | 21032 ||| Stepping ~*~*~tactically~*~*~ (stealth).
 21033 | D:13     | 21033 ||| Stepping ~*~*~tactically~*~*~ (stealth).
 21036 | D:13     | 21036 ||| INVOKING Berserk.
 21132 | D:13     | Reached ***** piety under Trog
 21139 | D:13     | 21139 ||| INVOKING Berserk.
 21184 | D:13     | 21184 ||| Stepping ~*~*~tactically~*~*~ (stealth).
 21185 | D:13     | 21185 ||| Stepping ~*~*~tactically~*~*~ (stealth).
 21193 | D:13     | 21193 ||| INVOKING Berserk.
 21492 | D:13     | 21492 ||| Stepping ~*~*~tactically~*~*~ (stealth).
 21493 | D:13     | Found a gate to the Vaults.
 21807 | D:14     | 21807 ||| Stepping ~*~*~tactically~*~*~ (hiding).
 21821 | D:14     | 21821 ||| Stepping ~*~*~tactically~*~*~ (stealth).
 21823 | D:14     | 21823 ||| Stepping ~*~*~tactically~*~*~ (stealth).
 21825 | D:14     | 21825 ||| Stepping ~*~*~tactically~*~*~ (stealth).
 21843 | D:14     | 21843 ||| INVOKING Berserk.
 21856 | D:14     | Reached skill level 15 in Fighting
 22011 | D:14     | Noticed Snorg
 22012 | D:14     | 22012 ||| INVOKING Brothers in Arms.
 22013 | D:14     | 22013 ||| INVOKING Brothers in Arms.
 22020 | D:14     | Killed Snorg
 22077 | D:14     | Found a transporter.
 22082 | D:14     | Noticed Axipewex's ghost (journeyman OgTm)
 22082 | D:14     | Found the necklace of Bloodlust {*Rage Will++ Int-3 Slay+6}
 22204 | D:14     | Noticed Nessos
 22206 | D:14     | 22206 ||| SWAPPING to -2 demon whip of venom.
 22207 | D:14     | 22207 ||| INVOKING Berserk.
 22221 | D:14     | Killed Nessos
 22239 | D:14     | 22239 ||| SWAPPING to +2 war axe of venom.
 22355 | D:14     | Noticed Jorgrun
 22358 | D:14     | 22358 ||| INVOKING Berserk.
 22376 | D:14     | Killed Jorgrun
 22520 | D:14     | Noticed Azrael
 22525 | D:14     | 22525 ||| INVOKING Berserk.
 22551 | D:14     | Killed Azrael
 22557 | D:14     | 22557 ||| SWAPPING to -2 demon whip of venom.
 22559 | D:14     | Reached skill level 15 in Armour
 22559 | D:14     | 22559 ||| SWAPPING to +2 war axe of venom.
 22585 | D:14     | 22585 ||| FLEEEEING.
 22685 | D:14     | 22685 ||| Stepping ~*~*~tactically~*~*~ (stealth).
 22687 | D:14     | 22687 ||| Stepping ~*~*~tactically~*~*~ (hiding).
 22786 | D:14     | Found a transporter.
 23173 | D:15     | Entered Level 15 of the Dungeon
 23202 | D:15     | 23202 ||| Stepping ~*~*~tactically~*~*~ (hiding).
 23264 | D:15     | 23264 ||| Stepping ~*~*~tactically~*~*~ (stealth).
 23267 | D:15     | 23267 ||| INVOKING Berserk.
 23397 | D:15     | Found a staircase to the Depths.
 23421 | D:15     | Identified the +4 ring mail of Conscience {Str+6 Slay+2}
 23450 | D:15     | Noticed a fire giant
 23463 | D:15     | Killed a fire giant
 23597 | D:15     | 23597 ||| INVOKING Berserk.
 24157 | D:15     | 24157 ||| Stepping ~*~*~tactically~*~*~ (stealth).
 24164 | D:15     | 24164 ||| Stepping ~*~*~tactically~*~*~ (stealth).
 24166 | D:15     | Reached skill level 9 in Throwing
 24170 | D:15     | 24170 ||| Stepping ~*~*~tactically~*~*~ (stealth).
 24171 | D:15     | 24171 ||| Stepping ~*~*~tactically~*~*~ (stealth).
 24172 | D:15     | 24172 ||| Stepping ~*~*~tactically~*~*~ (stealth).
 24175 | D:15     | 24175 ||| Stepping ~*~*~tactically~*~*~ (stealth).
 24588 | D:15     | Noticed Louise
 24589 | D:15     | 24589 ||| INVOKING Trog's Hand.
 24590 | D:15     | 24590 ||| INVOKING Brothers in Arms.
 24591 | D:15     | 24591 ||| INVOKING Brothers in Arms.
 24592 | D:15     | 24592 ||| INVOKING Brothers in Arms.
 24593 | D:15     | 24593 ||| INVOKING Berserk.
 24615 | D:15     | Killed Louise
 24743 | D:15     | 24743 ||| PLANNING ORC
 24743 | D:15     | 24743 ||| UPGRADING to +0 buckler.
 24748 | D:15     | 24748 ||| UPGRADING to +0 tower shield.
 24758 | D:15     | 24758 ||| DROPPING +0 buckler.
 24916 | Orc:1    | Entered Level 1 of the Orcish Mines
 24939 | Orc:1    | Reached skill level 1 in Shields
 24966 | Orc:1    | 24966 ||| INVOKING Berserk.
 25536 | Orc:1    | 25536 ||| Stepping ~*~*~tactically~*~*~ (hiding).
 25537 | Orc:1    | 25537 ||| Stepping ~*~*~tactically~*~*~ (stealth).
 25656 | Orc:2    | Entered Level 2 of the Orcish Mines
 25662 | Orc:2    | 25662 ||| INVOKING Trog's Hand.
 25668 | Orc:2    | 25668 ||| INVOKING Berserk.
 25674 | Orc:2    | Reached skill level 3 in Shields
 25685 | Orc:2    | 25685 ||| INVOKING Trog's Hand.
 25686 | Orc:2    | 25686 ||| INVOKING Brothers in Arms.
 25690 | Orc:2    | 25690 ||| INVOKING Trog's Hand.
 25870 | Orc:2    | 25870 ||| INVOKING Trog's Hand.
 25871 | Orc:2    | Found a staircase to the Elven Halls.
 25872 | Orc:2    | 25872 ||| INVOKING Berserk.
 25875 | Orc:2    | Reached XP level 16. HP: 121/121 MP: 16/16
 25974 | Orc:2    | 25974 ||| Stepping ~*~*~tactically~*~*~ (stealth).
 25976 | Orc:2    | 25976 ||| Stepping ~*~*~tactically~*~*~ (hiding).
 25978 | Orc:2    | 25978 ||| Stepping ~*~*~tactically~*~*~ (hiding).
 25979 | Orc:2    | 25979 ||| Stepping ~*~*~tactically~*~*~ (hiding).
 26013 | Orc:2    | 26013 ||| Stepping ~*~*~tactically~*~*~ (stealth).
 26025 | Orc:2    | 26025 ||| Stepping ~*~*~tactically~*~*~ (stealth).
 26031 | Orc:2    | 26031 ||| Stepping ~*~*~tactically~*~*~ (stealth).
 26190 | Orc:2    | 26190 ||| Stepping ~*~*~tactically~*~*~ (hiding).
 26199 | Orc:2    | Found Tawuitra's Book Shoppe.
 26202 | Orc:2    | 26202 ||| Stepping ~*~*~tactically~*~*~ (hiding).
 26223 | Orc:2    | 26223 ||| Stepping ~*~*~tactically~*~*~ (hiding).
 26224 | Orc:2    | 26224 ||| INVOKING Trog's Hand.
 26225 | Orc:2    | 26225 ||| INVOKING Berserk.
 26238 | Orc:2    | 26238 ||| INVOKING Brothers in Arms.
 26247 | Orc:2    | HP: 21/121 [orc knight/+2 long sword (23)]
 26248 | Orc:2    | 26248 ||| READING 4 scrolls of teleportation.
 26249 | Orc:2    | 26249 ||| DRINKING 8 potions of heal wounds.
 26249 | Orc:2    | Found Riofeati's Jewellery Shop.
 26249 | Orc:2    | Found Ficeatuh's Weapon Shop.
 26249 | Orc:2    | Found Orustud's Antique Armour Shoppe.
 26252 | Orc:2    | 26252 ||| INVOKING Trog's Hand.
 26252 | Orc:2    | HP: 20/121 [orc knight/+2 dire flail of draining (21)]
 26253 | Orc:2    | 26253 ||| READING 3 scrolls of teleportation.
 26253 | Orc:2    | Slain by an orc knight

Levels and vault maps discovered:
D:1:      roderic_chinese_lattice_arrival, layout_rooms,
          shapermc_ecumenical_altar_hornbeckon
D:2:      kennysheep_the_goblin_king, layout_basic
D:3:      layout_loops_cross, mainiacjoe_overflow_brackets,
          minmay_overflow_temple_star_hex, grunt_ministairs_11
D:4:      layout_basic, mainiacjoe_overflow_catwalk, st_stairs_10
D:5:      layout_loops_ring, nicolae_overflow_crystal_walls, tso_metal_star,
          uniq_sigmund
D:6:      layout_gridville, minmay_temple_entry_nine_rooms, grunt_ministairs_2,
          nzn_random_ring
D:7:      layout_basic, fedhas_altar_4
D:8:      wad_guarded_room, layout_basic
D:9:      layout_roguey, david_orc_3
D:10:     layout_loops_ring, fungi_pond_lemuel, uniq_josephine
D:11:     layout_roguey, david_lair_shrubbed, serial_shops,
          nicolae_shop_statue_plus, nrook_campfire, wad_dig_loot
D:12:     layout_loops_cross, dk_noncrumbling_4
D:13:     layout_cave_pools, erik_vaults_1, minivault_7, uniq_kirke
D:14:     layout_basic, minmay_misc_feat_doors, gammafunk_ghost_stat_death,
          uniq_nessos, uniq_jorgrun, uniq_azrael, uniq_snorg
D:15:     grunt_enter_depths_giant_problem, layout_basic, dk_noncrumbling_3,
          uniq_louise
Lair:1:   layout_roguey, ebering_ghost_disaster_area
Lair:2:   hellmonk_ruined_rings, layout_cellular_growth,
          grunt_forest_small_clearing_treed
Lair:3:   layout_roguey, minmay_shoals_entry_beasts,
          guppyfry_snake_entry_island, chequers_serial_rivers_micro_e,
          kennysheep_catoblepas_arena, grunt_megastairs_1, uniq_prince_ribbit2,
          uniq_amaemon
Lair:4:   layout_cave_pods, grunt_megastairs_2
Lair:5:   grunt_lair_end_beastmaster, layout_regular_city,
          nicolae_slime_entry_slimehenge, dreamdust_mushroom_princess
Orc:1:    layout_caves, david_defended_altar_orc
Orc:2:    st_orc_elflike, layout_caves

Skill      XL: |  1  2  3  4  5  6  7  8  9 10 11 12 13 14 15 |
---------------+----------------------------------------------+-----
Axes           | 3 4 5 6 7 8 10 11 12 14 15 16 | 16.0
Fighting       | 4 5 6 8 9 10 11 12 14 15 | 15.9
Throwing       | 2 3 4 6 7 9 |  9.0
Armour         | 3 5 8 10 11 12 14 15 | 15.0
Dodging        | 2 3 |  3.1
Shields        | 4 |  4.8

Action                   |  1- 3 |  4- 6 |  7- 9 | 10-12 | 13-15 | 16-18 || total
-------------------------+-------+-------+-------+-------+-------+-------++-------
Melee: Hand axe          |    32 |       |       |       |       |       ||    32
       War axe           |    52 |   119 |   284 |   493 |  1027 |    58 ||  2033
       Punch             |       |     1 |     2 |     5 |    17 |       ||    25
       Morningstar       |       |       |       |    13 |       |       ||    13
       Demon whip        |       |       |       |       |    98 |       ||    98
Throw: Javelin           |       |       |    28 |    47 |   100 |     4 ||   179
       Boomerang         |       |       |       |    24 |    90 |    10 ||   124
Invok: Berserk           |     1 |     2 |     4 |    22 |    34 |     1 ||    64
       Brothers in Arms  |       |       |       |     1 |     8 |     1 ||    10
       Trog's Hand       |       |       |       |       |     6 |     2 ||     8
  Use: Scroll            |     3 |     4 |     6 |    11 |     5 |     2 ||    31
       Potion            |       |       |     5 |     5 |       |     1 ||    11
 Stab: Petrified         |       |       |       |       |     3 |       ||     3
       Distracted        |       |       |       |       |     1 |     1 ||     2
Armor: Ring mail         |    31 |    59 |   138 |       |       |       ||   228
       Animal skin       |     2 |       |       |       |       |       ||     2
       Plate armour      |       |       |    32 |   396 |   631 |    41 ||  1100
Dodge: Dodged            |    48 |    68 |   179 |   274 |   458 |    14 ||  1041
Block: Other             |       |       |       |       |   154 |       ||   154
       Reflection        |       |       |       |       |    10 |     6 ||    16
       Tower shield      |       |       |       |       |    67 |    54 ||   121

Table legend:
 A = Non-vault XP
 B = Vault XP
 C = Vault XP percentage of total XP
 D = Non-vault monster count
 E = Vault monster count
 F = Vault count percentage of total count
                 A         B        C        D         E       F
            +---------+---------+-------+---------+---------+-------
      Total |   87322 |   44177 |  33.6 |     462 |     174 |  27.4
            +---------+---------+-------+---------+---------+-------
        D:1 |      17 |       0 |   0.0 |      12 |       0 |   0.0
        D:2 |      76 |      47 |  38.2 |      18 |       7 |  28.0
        D:3 |      11 |       3 |  21.4 |       6 |       2 |  25.0
        D:4 |     454 |     234 |  34.0 |      17 |       4 |  19.0
        D:5 |     983 |     231 |  19.0 |      13 |       1 |   7.1
        D:6 |     610 |    1377 |  69.3 |      15 |      22 |  59.5
        D:7 |     262 |       0 |   0.0 |       3 |       0 |   0.0
        D:8 |    2763 |    2879 |  51.0 |      25 |      17 |  40.5
        D:9 |    3352 |    1368 |  29.0 |      40 |       9 |  18.4
       D:10 |    2279 |     815 |  26.3 |      40 |       4 |   9.1
       D:11 |    2469 |    1649 |  40.0 |       8 |       3 |  27.3
       D:12 |    7733 |       0 |   0.0 |      25 |       0 |   0.0
       D:13 |    2319 |    6477 |  73.6 |       9 |      28 |  75.7
       D:14 |    8009 |    5591 |  41.1 |      15 |       9 |  37.5
       D:15 |   10861 |    2429 |  18.3 |      27 |       2 |   6.9
     Lair:1 |    2409 |       0 |   0.0 |      13 |       0 |   0.0
     Lair:2 |    6616 |     489 |   6.9 |      14 |       1 |   6.7
     Lair:3 |    6962 |    7493 |  51.8 |      29 |      24 |  45.3
     Lair:4 |    5369 |     383 |   6.7 |      15 |       1 |   6.2
     Lair:5 |   17978 |   10953 |  37.9 |      59 |      28 |  32.2
      Orc:1 |    2771 |     127 |   4.4 |      25 |       3 |  10.7
      Orc:2 |    3019 |    1632 |  35.1 |      34 |       9 |  20.9
            +---------+---------+-------+---------+---------+-------
